 Dungeon Crawl Stone Soup version 0.30-a0-737-gf23d94013f (webtiles) character file.

Game seed: 4640687676544379715

206 themarg the Firebug (level 5, -10/41 HPs)
             Began as a Mummy Cinder Acolyte on Feb 2, 2023.
             Was an Elder of Ignis.
             Mangled by an orc warrior
             ... wielding a +0 glaive
              (12 damage)
             ... on level 4 of the Dungeon.
             The game lasted 00:11:11 (3999 turns).

themarg the Firebug (Mummy Cinder Acolyte)          Turns: 3999, Time: 00:11:11

Health: -10/41     AC: 10    Str: 17    XL:     5   Next: 53%
Magic:  0/8        EV: 11    Int: 15    God:    Ignis [****..]
Gold:   161        SH:  0    Dex:  8    Spells: 7/9 levels left

rFire   . . .      SeeInvis .    a - +0 short sword (flame)
rCold   + . .      Faith    +    (no shield)
rNeg    + + +      Spirit   .    b - +0 robe
rPois   ∞          Reflect  .    (no helmet)
rElec   .          Harm     .    (no cloak)
rCorr   .          Rampage  .    h - +0 pair of gloves
Will    .....                    (no boots)
Stlth   ++                       (no amulet)
HPRegen 0.26/turn                (no ring)
MPRegen 0.11/turn                (no ring)

@: fiery-armoured
A: cold resistance 1, negative energy resistance 3, torment resistance 2, heat
vulnerability 1, in touch with death 1, no potions, faith
a: Renounce Religion, Fiery Armour, Foxfire Swarm, Rising Flame


You were on level 4 of the Dungeon.
You worshipped Ignis.
Ignis was greatly pleased with you.
You visited 1 branch of the dungeon, and saw 4 of its levels.

You collected 161 gold pieces.

Inventory:

Hand Weapons
 a - a +0 short sword of flaming (weapon)
 e - a +0 short sword
Missiles
 c - 41 stones (quivered)
 k - 6 boomerangs
 m - 2 poisoned darts
Armour
 b - a +0 robe (worn)
 h - a +0 pair of gloves (worn)
Scrolls
 d - a scroll of torment {unknown}
 f - a scroll of fear {unknown}
 g - a scroll of magic mapping
 i - 2 scrolls of enchant weapon
 j - a scroll of amnesia {unknown}
 l - a scroll of teleportation {unknown}


   Skills:
 - Level 3.0 Fighting
 - Level 2.4 Short Blades
 - Level 2.0 Stealth
 - Level 2.5 Spellcasting
 + Level 4.5 Fire Magic


You had 7 spell levels left.
You knew the following spells:

 Your Spells              Type           Power      Damage    Failure   Level
a - Scorch                Fire           30%        2d6       4%          2

Your spell library contained the following spells:

 Spells                   Type           Power      Damage    Failure   Level
 Slow                     Hex            4%         N/A       22%         1
 Dazzling Flash           Conj/Hex       2%         N/A       54%         3
 Stone Arrow              Conj/Erth      2%         3d7       54%         3
 Animate Armour           Summ/Erth      2%         N/A       91%         4
 Iskenderun's Mystic Bla  Conj/Tloc      1%         2d3       91%         4
 Leda's Liquefaction      Hex/Erth       0%         N/A       91%         4
 Summon Mana Viper        Hex/Summ       1%         N/A       99%         5
 Starburst                Conj/Fire      4%         6d3       100%        6
 Enfeeble                 Hex            0%         N/A       100%        7
 Lehudib's Crystal Spear  Conj/Erth      0%         10d2      100%        8


Dungeon Overview and Level Annotations

Branches:
Dungeon (4/15)
 Temple: D:4-7

Altars:

Annotations:
D:4 exclusions: orc, orc warrior and orc wizard


Innate Abilities, Weirdness & Mutations

You are immune to poison.
Your flesh is cold resistant. (rC+)
You are immune to negative energy. (rN+++)
You are immune to unholy pain and torment.
You are vulnerable to heat. (rF-)
You are in touch with the powers of death.
You do not drink.
You have a special connection with the divine. (Faith)


Message History

Your magical contamination has completely faded away.
You start resting.
Magic restored.
You see here a +0 flail.
You see here an adder corpse.
The orc warrior shouts!
You hear a shout!
You see here an adder corpse.
You aren't carrying any items that you can evoke.
A protective cloak of flame settles atop you.
Flames lash the orc warrior.
The orc warrior is lightly wounded.
The orc warrior's fire resistance burns away.
You hear a shout! x3
Flames lash the orc warrior but do no damage.
The orc warrior barely misses you.
The orc warrior is no longer more vulnerable to fire.
The orc warrior barely misses you.
The orc wizard casts a spell.
The orc wizard flickers and vanishes!
Deactivating autopickup; reactivate with Ctrl-A.
You hit the orc warrior but do no damage.
The orc warrior is lightly wounded.
The orc warrior hits you but does no damage.
You closely miss the orc warrior.
The orc warrior is lightly wounded.
The orc warrior hits you with a +0 glaive!!
The orc warrior is burned by your cloak of flames.
The orc warrior is lightly wounded.
Flames lash the orc warrior.
The orc warrior is moderately wounded.
The orc warrior's fire resistance burns away.
The orc warrior hits you with a +0 glaive.
Flames lash something.
The orc warrior hits you with a +0 glaive!
* * * LOW HITPOINT WARNING * * *
You don't have enough magic to cast this spell.
You hit the orc warrior but do no damage.
The orc warrior is moderately wounded.
The orc warrior hits you with a +0 glaive!
You die...

.. ... .... ....#####
........# ........#
........##############
..........o.†o.o@....#
.......)##########.###
........# #)#
........# #.#
.######## #.# #.# #.#
#############.#
#<)).......[..#


You could see an orc warrior (combustible) and 2 orcs.

Vanquished Creatures
  A jelly (D:2)
  An orc priest (D:3)
  An orc wizard (D:3)
  A gnoll (D:4)
  3 adders
  A worm (D:2)
  4 dart slugs
  10 orcs
  3 ball pythons
  5 endoplasms
  A giant cockroach (D:2)
  8 hobgoblins
  2 quokkas (D:1)
  3 bats
  5 frilled lizards
  4 goblins
  7 kobolds
  8 rats
68 creatures vanquished.

Vanquished Creatures (others)
  8 plants (D:1)
8 creatures vanquished.

Grand Total: 76 creatures vanquished

Notes
Turn   | Place    | Note
-------+----------+-------------------------------------------
     0 | D:1      | themarg the Mummy Cinder Acolyte began the quest for the
                  | Orb.
     0 | D:1      | Reached XP level 1. HP: 18/18 MP: 2/2
   491 | D:1      | Reached XP level 2. HP: 21/24 MP: 4/4
   494 | D:1      | Learned a level 2 spell: Scorch
   634 | D:1      | Reached skill level 1 in Stealth
  1263 | D:2      | Gained mutation: You are in touch with the powers of death.
                  | [Mummy growth]
  1263 | D:2      | Reached XP level 3. HP: 29/29 MP: 1/6
  1492 | D:2      | Reached skill level 3 in Fire Magic
  1641 | D:2      | Found a faded altar of an unknown god.
  2047 | D:2      | Reached XP level 4. HP: 35/35 MP: 2/7
  2762 | D:3      | Got Sif Muna's Anthology of Malisons
  2993 | D:3      | Reached skill level 4 in Fire Magic
  2993 | D:3      | Reached XP level 5. HP: 38/41 MP: 1/8
  3560 | D:4      | Noticed an orc warrior
  3998 | D:4      | HP: 2/41 [orc warrior/+0 glaive (15)]
  3999 | D:4      | Mangled by an orc warrior

Illustrated notes

Levels and vault maps discovered:
D:1:      roderic_crop_circles_arrival_small, layout_basic
D:2:      layout_rooms, ebering_ecumenical_altar_webs
D:3:      layout_loops_ring, marbit_many_paths
D:4:      layout_basic, ashenzari_altar_1, grunt_gozag_breadcrumbs,
          fedhas_altar_fruit_tree, uniq_sigmund

Skill      XL: |  1  2  3  4 |
---------------+-------------+-----
Spellcasting   | 2 |  2.5
Stealth        | 1 2 |  2.0
Fire Magic     | 3 4 |  4.5
Fighting       | |  3.0
Short Blades   | |  2.4

Action                     |  1- 3 |  4- 6 || total
---------------------------+-------+-------++-------
  Melee: Short sword       |    89 |    44 ||   133
   Cast: Scorch            |    30 |    41 ||    71
 Invoke: Fiery Armour      |     1 |     3 ||     4
    Use: Scroll            |       |     2 ||     2
 Armour: Robe              |    18 |    11 ||    29
  Dodge: Dodged            |    59 |    21 ||    80

Table legend: (Time is in decaauts)
 A = Elapsed time spent in this place.
 B = Non-inter-level travel time spent in this place.
 C = Inter-level travel time spent in this place.
 D = Time resting spent in this place.
 E = Time spent auto-exploring this place.
 F = Levels seen in this place.
 G = Mean time per level.
                   A        B        C        D        E       F      G
               +--------+--------+--------+--------+--------+-----+--------+
         Total |   3988 |   3877 |    111 |   1013 |   2186 |   4 |  997.0 |
       Dungeon |   3988 |   3877 |    111 |   1013 |   2186 |   4 |  997.0 |
               +--------+--------+--------+--------+--------+-----+--------+

Top non-repeatable levels by time:
     D:3: 1354 daAuts
     D:1: 1309 daAuts
     D:2: 1015 daAuts
     D:4: 309 daAuts
